AoeStats
← alex_zaitsevae

Arabian Desert

510237253Analyzed
1v1 RM · 1d ago on Sep 30, 2026· 69m 33s· 2 players
Game mode
Random Map
Map size
Tiny (2 player)
Population
200
Speed
Normal
Resources
Standard
Victory
Conquest
Starting age
Dark Age
Ending age
Imperial Age
RankedLock teamsTeams togetherTeam positionsShared explorationLock speedFull tech treeHidden civsTurbo modeCheats
Victory
Defeat
🇨🇦 Khmer · Canada
977
+16
🇲🇽 Bulgarians · Mexico
973
-16
alex_zaitsevae
6:33 Loom
12:10 Feudal Age
13:26 Arson
17:11 Forging
17:19 Double-Bit Axe
19:47 Castle Age
19:50 Pikeman
23:03 Stone Mining
24:25 Squires
26:36 Gambesons
29:13 Murder Holes
32:27 Gold Mining
41:26 Bow Saw
46:13 Imperial Age
44:14 Fletching
45:00 Husbandry
46:59 Wheelbarrow
46:12 Town Watch
47:06 Onager
49:05 Elite Konnik
49:51 Heavy Scorpion
52:13 Bloodlines
54:45 Chemistry
55:01 Horse Collar
54:47 Light Cavalry
56:05 Gold Shaft Mining
58:58 Hussar
61:12 Halberdier
66:31 Hand Cart
67:11 Stone Shaft Mining
68:04 Town Patrol
Playforfun
5:20 Loom
11:39 Feudal Age
13:57 Bloodlines
17:11 Castle Age
33:57 Gold Mining
40:12 Imperial Age
40:41 Cavalier
41:22 Husbandry
43:48 Double Crossbow
44:09 Conscription
45:01 Forging
45:20 Double-Bit Axe
47:56 Chemistry
53:06 Sanctity
54:43 Iron Casting
54:15 Scale Barding Armor
56:33 Blast Furnace
56:03 Bow Saw
60:11 Wheelbarrow
66:21 Chain Barding Armor
Connection lost

Rejoining the realm…

Still unreachable

The connection could not be restored.

Session expired

The server has moved on; the page needs a fresh start.